 Dungeon Crawl Stone Soup version 0.28.0 (webtiles) character file.

Game seed: 6936020176327652874

226 Sanktem7 the Chopper (level 6, -3/55 HPs)
             Began as a Hill Orc Fighter on Feb 10, 2022.
             Killed by divine providence
             ... invoked by an orc priest
              (15 damage)
             ... on level 3 of the Dungeon.
             The game lasted 00:05:19 (2497 turns).

Sanktem7 the Chopper (Hill Orc Fighter)             Turns: 2497, Time: 00:05:20

Health: -3/55      AC:  8    Str: 21    XL:     6   Next: 1%
Magic:  6/6        EV:  9    Int:  8    God:
Gold:   102        SH:  4    Dex: 10    Spells: 5/5 levels left

rFire   . . .      SeeInvis .   a - +0 war axe
rCold   . . .      Faith    .   c - +0 buckler
rNeg    . . .      Spirit   .   b - +0 scale mail
rPois   .          Reflect  .   l - +0 helmet
rElec   .          Harm     .   (no cloak)
rCorr   .          Rampage  .   (no gloves)
Will    .....                   (no boots)
Stlth   ..........              (no amulet)
HPRegen 0.18/turn               (no ring)
MPRegen 0.10/turn               (no ring)

@: no status effects
A: no striking features
a: Convert to Beogh


You were on level 3 of the Dungeon.
You visited 1 branch of the dungeon, and saw 3 of its levels.

You collected 102 gold pieces.

Inventory:

Hand Weapons
 a - a +0 war axe (weapon)
Armour
 b - a +0 scale mail (worn)
 c - a +0 buckler (worn)
 l - a +0 helmet (worn)
Jewellery
 k - an amulet of magic regeneration
Scrolls
 g - 2 scrolls of teleportation
 j - 2 scrolls of vulnerability {unknown}
 m - 2 scrolls of magic mapping {unknown}
Potions
 d - 2 potions of might
 e - 2 potions of mutation {unknown}
 f - 2 potions of heal wounds {unknown}
 h - a potion of brilliance {unknown}
 i - a potion of lignification {unknown}


   Skills:
 * Level 4.8 Fighting
 * Level 5.4 Axes
 * Level 4.5 Armour
 + Level 0.9 Dodging
 + Level 0.7 Stealth
 - Level 3.2 Shields


You had 5 spell levels left.
You didn't know any spells.
Your spell library was empty.

Dungeon Overview and Level Annotations

Branches:
Dungeon (3/15)

Altars:

Shops:
D:2 ([


Message History

The orc priest shouts, "Surrender to Beogh and we'll let you live!"
You barely miss the orc.
The orc priest shouts, "Surrender to Beogh and we'll let you live!"
The orc barely misses you. The orc hits you with a +0 hand axe.
You barely miss the orc. The orc hits you but does no damage.
You hit the orc.
The orc is severely wounded.
The orc priest shouts, "Surrender to Beogh and we'll let you live!"
The orc closely misses you.
The orc priest calls upon Beogh to heal the orc.
The orc is healed somewhat.
You hit the orc.
The orc is moderately wounded.
The orc barely misses you.
The orc priest calls down the wrath of Beogh upon you.
Beogh smites you!
The orc priest shouts, "Surrender to Beogh and we'll let you live!"
You hit the orc.
The orc is almost dead.
The orc hits you but does no damage.
The orc priest calls down the wrath of Beogh upon you.
Beogh smites you!
* * * LOW HITPOINT WARNING * * *
You block the orc's attack.
You closely miss the orc.
The orc is almost dead.
The orc priest calls upon Beogh to heal the orc.
The orc is healed somewhat.
The orc hits you with a +0 hand axe.
* * * LOW HITPOINT WARNING * * *
You slash the orc!
You kill the orc!
You barely miss the orc priest. The orc priest barely misses you.
The orc priest hits you but does no damage.
You closely miss the orc priest. You block the orc priest's attack.
You hit the orc priest.
The orc priest is lightly wounded.
The orc priest barely misses you.
The orc priest invokes the aid of Beogh against you.
Beogh smites you!
You die...

.# #..########.#
.# .##..##.......#
.# ........####..#
.# #......####..#
#.........#..#####
#.....###.#......#
#.....#......#####
. #.....#.#.#.##
#.....#@#.#...
#######o#.#..##
#.oo#....#
.......#####.##
....... #.#
....... #.#
#...... #......
##.....


You could see 2 orc priests and an orc.

Vanquished Creatures
  A water moccasin zombie (D:3)
  A jelly (D:3)
  7 adders (D:2)
  2 worms (D:2)
  2 dart slugs (D:1)
  6 orcs (D:3)
  4 ball pythons
  6 bats
  5 endoplasms
  5 giant cockroaches
  3 hobgoblins
  5 jackals
  4 quokkas
  5 goblins
  2 kobolds
  4 rats
62 creatures vanquished.

Notes
Turn   | Place    | Note
-------+----------+-------------------------------------------
     0 | D:1      | Sanktem7 the Hill Orc Fighter began the quest for the Orb.
     0 | D:1      | Reached XP level 1. HP: 19/19 MP: 1/1
   375 | D:1      | Reached skill level 3 in Axes
   375 | D:1      | Reached XP level 2. HP: 27/27 MP: 2/2
   572 | D:1      | Reached XP level 3. HP: 33/33 MP: 3/3
  1194 | D:2      | Found a faded altar of an unknown god.
  1362 | D:2      | Found Ickoin Totze's Armour Emporium.
  1413 | D:2      | Reached XP level 4. HP: 40/41 MP: 4/4
  1470 | D:2      | Found Vefocsi's Weapon Shop.
  1498 | D:2      | Reached skill level 4 in Axes
  2051 | D:2      | Reached XP level 5. HP: 47/47 MP: 5/5
  2365 | D:3      | Reached skill level 5 in Axes
  2485 | D:3      | Reached XP level 6. HP: 41/55 MP: 6/6
  2497 | D:3      | Killed from afar by an orc priest

Illustrated notes

Levels and vault maps discovered:
D:1:      dpeg_arrival_arbitrary_a, layout_loops_ring
D:2:      minmay_wonky_spiral, layout_basic,
          shapermc_ecumenical_altar_starsandcircs, serial_shops,
          nicolae_shop_window_shopping, shop, minmay_cut_off
D:3:      layout_basic, minmay_overflow_temple_star_quad, lemuel_crystal_altar,
          kennysheep_nondescript

Skill      XL: |  1  2  3  4  5 |
---------------+----------------+-----
Axes           | 3 4 5 |  5.4
Fighting       | 4 |  4.8
Armour         | 4 |  4.5
Dodging        | |  0.9
Stealth        | |  0.7
Shields        | |  3.2

Action                   |  1- 3 |  4- 6 || total
-------------------------+-------+-------++-------
Melee: War axe           |   110 |   106 ||   216
  Use: Scroll            |       |     1 ||     1
Armor: Scale mail        |    66 |    49 ||   115
Dodge: Dodged            |    65 |    39 ||   104
Block: Buckler           |    26 |    21 ||    47
